[Event "Bundesliga-Heidelberg"]
[Site "Heidelberg/Germany"]
[Date "2009.12.12"]
[Round "5.6"]
[White "Gustafsson"]
[Black "Flumbort"]
[Result "1/2-1/2"]
[ECO "D72"]
[WhiteElo "2622"]
[BlackElo "2513"]
[Annotator "Robot 4"]
[PlyCount "65"]
[EventDate "2009.??.??"]
[WhiteTeam "BAD"]
[BlackTeam "TRI"]
[TimeControl "40/6000+30:20/3000+30:900+30"]

1. d4 Nf6 2. c4 g6 3. g3 Bg7 4. Bg2 d5 5. cxd5 Nxd5 6. e4 Nb4 7. a3 N4c6 8. d5
Nd4 9. Ne2 Bg4 10. Nbc3 Nxe2 11. Nxe2 c6 12. h3 Bd7 13. O-O O-O 14. Nc3 Na6 15.
Bg5 h6 16. Be3 cxd5 17. exd5 Rc8 18. Bd4 Bxd4 19. Qxd4 Nc5 20. Rae1 Qb6 21.
Rxe7 Qxb2 22. Qb4 Qd2 23. Ne4 Nxe4 24. Rxd7 Nc3 25. Rxb7 a5 26. Qh4 Ne2+ 27.
Kh2 Rc1 28. d6 Rxf1 29. Bxf1 Qd5 30. Rb2 Nd4 31. Bg2 Qxd6 32. Qxh6 Qxa3 33. Qd2
1/2-1/2

[Event "Bundesliga-Heidelberg"]
[Site "Heidelberg/Germany"]
[Date "2009.12.12"]
[Round "5.7"]
[White "Kolbus"]
[Black "Dautov"]
[Result "0-1"]
[ECO "A46"]
[WhiteElo "2355"]
[BlackElo "2596"]
[Annotator "Robot 4"]
[PlyCount "64"]
[EventDate "2009.??.??"]
[WhiteTeam "TRI"]
[BlackTeam "BAD"]
[TimeControl "40/6000+30:20/3000+30:900+30"]

1. d4 Nf6 2. Nf3 e6 3. g3 b5 4. Bg2 d5 5. O-O c5 6. b3 Ba6 7. Bb2 Nbd7 8. Nbd2
Rc8 9. Re1 cxd4 10. Nxd4 Bc5 11. c3 O-O 12. e4 dxe4 13. Nxe4 Nxe4 14. Bxe4 Nf6
15. Bg2 Qc7 16. Qf3 Rfd8 17. Red1 Nd5 18. Ne2 Be7 19. a3 Bf6 20. Rac1 Bb7 21.
Nd4 Qb6 22. Qe2 Nc7 23. Bxb7 Qxb7 24. c4 bxc4 25. bxc4 Na6 26. Nb5 Bxb2 27.
Rxd8+ Rxd8 28. Qxb2 Nc5 29. Qc2 Qf3 30. Nxa7 Ne4 31. Rf1 h5 32. Qb1 Nc3 0-1

[Event "Bundesliga-Heidelberg"]
[Site "Heidelberg/Germany"]
[Date "2009.12.12"]
[Round "5.8"]
[White "Schlosser"]
[Black "Cioara"]
[Result "1/2-1/2"]
[ECO "A17"]
[WhiteElo "2555"]
[BlackElo "2415"]
[Annotator "Robot 4"]
[PlyCount "54"]
[EventDate "2009.??.??"]
[WhiteTeam "BAD"]
[BlackTeam "TRI"]
[TimeControl "40/6000+30:20/3000+30:900+30"]

1. Nf3 Nf6 2. c4 e6 3. Nc3 Bb4 4. g3 b6 5. Bg2 Bb7 6. Bf1 Bc8 7. Bg2 Bb7 8. O-O
O-O 9. d3 d5 10. cxd5 exd5 11. Bf4 a6 12. Rc1 Re8 13. a3 Bd6 14. d4 Qe7 15. Bg5
Nbd7 16. Bh3 Qf8 17. Nh4 h6 18. Be3 g6 19. Qd2 Kh7 20. Bf4 Rad8 21. Ng2 c5 22.
Rfd1 c4 23. b4 b5 24. Bxd6 Qxd6 25. Qf4 Nb6 26. Ra1 Qxf4 27. Nxf4 Ne4 1/2-1/2

[Event "Bundesliga-Hamburg"]
[Site "Hamburg/Germany"]
[Date "2009.12.12"]
[Round "5"]
[White "Hector"]
[Black "Areshchenko"]
[Result "1/2-1/2"]
[ECO "B97"]
[WhiteElo "2568"]
[BlackElo "2667"]
[Annotator "Robot 4"]
[PlyCount "138"]
[EventDate "2009.??.??"]
[WhiteTeam "EMS"]
[BlackTeam "WBR"]
[TimeControl "40/6000+30:20/3000+30:900+30"]

1. e4 c5 2. Nf3 d6 3. d4 cxd4 4. Nxd4 Nf6 5. Nc3 a6 6. Bg5 e6 7. f4 Qb6 8. Qd2
Qxb2 9. Rb1 Qa3 10. f5 Nc6 11. fxe6 fxe6 12. Nxc6 bxc6 13. e5 dxe5 14. Bxf6
gxf6 15. Ne4 Qxa2 16. Rd1 Be7 17. Bd3 O-O 18. O-O f5 19. Rf3 fxe4 20. Rxf8+
Bxf8 21. Qg5+ Kh8 22. Rf1 Qa3 23. Qf6+ Kg8 24. Qf7+ Kh8 25. Bxe4 Qe3+ 26. Kh1
Qh6 27. Bxh7 Qg7 28. Qh5 Ra7 29. Bd3+ Kg8 30. Qe8 e4 31. Bc4 Rc7 32. Qd8 Rf7
33. Qxc8 Rxf1+ 34. Bxf1 Qd4 35. Qxe6+ Kg7 36. Qg4+ Kh8 37. Qh5+ Kg7 38. Qg4+
Kh8 39. Qh5+ Kg7 40. Qg5+ Kh8 41. Qh4+ Kg7 42. Qg3+ Kh8 43. c3 Qd1 44. Qe5+ Kg8
45. Qe6+ Kg7 46. Qe5+ Kg8 47. Kg1 Qe1 48. Qe6+ Kg7 49. Qg4+ Kh8 50. Qh5+ Kg7
51. Qg5+ Kh7 52. g3 Qxc3 53. Qf5+ Kg7 54. Qg4+ Kf6 55. Qf4+ Kg7 56. Qxe4 Qc5+
57. Kg2 Qd5 58. Qxd5 cxd5 59. Bxa6 Bb4 60. Bb7 d4 61. Ba6 Kh6 62. Kf3 d3 63.
Bxd3 Bc5 64. Bb5 Bb6 65. h4 Bc7 66. g4 Bd8 67. Kg3 Be7 68. g5+ Bxg5 69. hxg5+
Kxg5 1/2-1/2

[Event "Bundesliga-Hamburg"]
[Site "Hamburg/Germany"]
[Date "2009.12.12"]
[Round "5"]
[White "Fressinet"]
[Black "Giri"]
[Result "1/2-1/2"]
[ECO "D47"]
[WhiteElo "2658"]
[BlackElo "2552"]
[Annotator "Robot 4"]
[PlyCount "51"]
[EventDate "2009.??.??"]
[WhiteTeam "WBR"]
[BlackTeam "EMS"]
[TimeControl "40/6000+30:20/3000+30:900+30"]

1. d4 d5 2. c4 c6 3. Nc3 Nf6 4. e3 e6 5. Nf3 Nbd7 6. Bd3 dxc4 7. Bxc4 b5 8. Bd3
Bb7 9. a3 b4 10. Ne4 Nxe4 11. Bxe4 Bd6 12. axb4 Bxb4+ 13. Bd2 Qb6 14. Bxb4
Qxb4+ 15. Qd2 Qb6 16. Qa5 f5 17. Bd3 c5 18. Bb5 Bxf3 19. gxf3 Qxa5+ 20. Rxa5
cxd4 21. O-O Ke7 22. Bc6 Rac8 23. Bxd7 Kxd7 24. Rd1 Rc7 25. Rxd4+ Ke7 26. Rda4
1/2-1/2

[Event "Bundesliga-Hamburg"]
[Site "Hamburg/Germany"]
[Date "2009.12.12"]
[Round "5"]
[White "Roiz"]
[Black "Feygin"]
[Result "1-0"]
[ECO "D30"]
[WhiteElo "2658"]
[BlackElo "2546"]
[Annotator "Robot 4"]
[PlyCount "63"]
[EventDate "2009.??.??"]
[WhiteTeam "WBR"]
[BlackTeam "EMS"]
[TimeControl "40/6000+30:20/3000+30:900+30"]

1. d4 e6 2. Nf3 Nf6 3. c4 c5 4. e3 d5 5. cxd5 exd5 6. Bb5+ Bd7 7. Bxd7+ Nbxd7
8. dxc5 Nxc5 9. O-O Be7 10. Nc3 O-O 11. b3 Qd7 12. Bb2 Rfd8 13. Rc1 Rac8 14.
Ne2 Nce4 15. h3 Rxc1 16. Qxc1 Rc8 17. Qb1 Ne8 18. Rd1 Bf6 19. Qxe4 dxe4 20.
Rxd7 exf3 21. Nd4 Nc7 22. Nf5 Ne8 23. Rxb7 h5 24. gxf3 Rc5 25. Bxf6 Nxf6 26.
Nd6 a6 27. Nxf7 h4 28. Nd6 Rc1+ 29. Kg2 Rc2 30. Nf5 Kf8 31. Rxg7 Rc5 32. Nd4
1-0

[Event "Bundesliga-Hamburg"]
[Site "Hamburg/Germany"]
[Date "2009.12.12"]
[Round "5"]
[White "Mchedlishvili"]
[Black "Efimenko"]
[Result "1-0"]
[ECO "D35"]
[WhiteElo "2613"]
[BlackElo "2654"]
[Annotator "Robot 4"]
[PlyCount "131"]
[EventDate "2009.??.??"]
[WhiteTeam "EMS"]
[BlackTeam "WBR"]
[TimeControl "40/6000+30:20/3000+30:900+30"]

1. d4 Nf6 2. c4 e6 3. Nf3 d5 4. Nc3 Nbd7 5. cxd5 exd5 6. Bf4 c6 7. Qc2 Nh5 8.
Bg5 Be7 9. Bxe7 Qxe7 10. e3 g6 11. O-O-O Nb6 12. Bd3 Bg4 13. Kb1 Qf6 14. Qe2
O-O 15. h3 Bxf3 16. Qxf3 Qxf3 17. gxf3 f5 18. f4 Kf7 19. Ne2 Nf6 20. Ng1 Ne4
21. Rh2 c5 22. dxc5 Na4 23. Bc2 Naxc5 24. Rxd5 Rfd8 25. Rxd8 Rxd8 26. Nf3 Kf6
27. Nd4 a5 28. h4 Ne6 29. Nf3 N6c5 30. h5 Nd2+ 31. Nxd2 Rxd2 32. hxg6 hxg6 33.
Kc1 Rd6 34. Rh8 Rc6 35. Kd2 Rd6+ 36. Ke2 Rb6 37. Rc8 Na6 38. Bb3 a4 39. Bxa4
Rxb2+ 40. Rc2 Rxc2+ 41. Bxc2 g5 42. fxg5+ Kxg5 43. f4+ Kf6 44. Kd2 b6 45. Kc3
Nc7 46. Kd4 Ke6 47. Bb3+ Kd6 48. Bc4 Ne8 49. Ba6 Ng7 50. Bd3 Ne6+ 51. Kc4 Ng7
52. Kb5 Kc7 53. Ka6 Kc6 54. Ka7 Kc7 55. a4 Kc6 56. Kb8 Kc5 57. Bc2 Kc6 58. Bd3
Kc5 59. Kc7 Ne8+ 60. Kd8 Nf6 61. Bxf5 Nd5 62. Bd7 Nxe3 63. f5 Nd5 64. Be6 Nf4
65. Ke7 Kd4 66. Kd6 1-0

[Event "Bundesliga-Hamburg"]
[Site "Hamburg/Germany"]
[Date "2009.12.12"]
[Round "5"]
[White "Cramling"]
[Black "Nyback"]
[Result "0-1"]
[ECO "D30"]
[WhiteElo "2535"]
[BlackElo "2615"]
[Annotator "Robot 4"]
[PlyCount "45"]
[EventDate "2009.??.??"]
[WhiteTeam "EMS"]
[BlackTeam "WBR"]
[TimeControl "40/6000+30:20/3000+30:900+30"]

1. d4 d5 2. Nf3 c6 3. c4 e6 4. Qc2 Nf6 5. Bg5 dxc4 6. Qxc4 h6 7. Bxf6 Qxf6 8.
e4 Nd7 9. e5 Qd8 10. Nc3 Nb6 11. Qb3 Nd5 12. Bc4 Be7 13. O-O O-O 14. Rfe1 b6
15. Rad1 Bb7 16. Nxd5 cxd5 17. Bd3 a5 18. Rc1 a4 19. Qc3 Rc8 20. Qd2 Qd7 21. h4
Rxc1 22. Rxc1 Rc8 23. a3 0-1

[Event "Bundesliga-Hamburg"]
[Site "Hamburg/Germany"]
[Date "2009.12.12"]
[Round "5"]
[White "Fiebig"]
[Black "Babula"]
[Result "1-0"]
[ECO "B22"]
[WhiteElo "2416"]
[BlackElo "2569"]
[Annotator "Robot 4"]
[PlyCount "77"]
[EventDate "2009.??.??"]
[WhiteTeam "EMS"]
[BlackTeam "WBR"]
[TimeControl "40/6000+30:20/3000+30:900+30"]

1. e4 c5 2. c3 d5 3. exd5 Qxd5 4. d4 Nf6 5. Nf3 Bg4 6. Be2 e6 7. h3 Bh5 8. O-O
Nc6 9. Be3 cxd4 10. Nxd4 Bxe2 11. Qxe2 Be7 12. Rd1 O-O 13. c4 Nxd4 14. Bxd4 Qe4
15. Nc3 Qxe2 16. Nxe2 Rfd8 17. b3 Ne8 18. Nc3 Nd6 19. g4 f6 20. a4 Kf7 21. Rac1
Ne8 22. Kf1 g6 23. Ke2 f5 24. Be3 a6 25. Bb6 Rxd1 26. Rxd1 Nf6 27. g5 Nh5 28.
Rd7 Ke8 29. Rxb7 Nf4+ 30. Kf1 Nxh3 31. c5 Nxg5 32. b4 Nf3 33. b5 Bf6 34. bxa6
Bxc3 35. a7 Be5 36. c6 Nd2+ 37. Ke2 Nc4 38. a5 h5 39. c7 1-0

[Event "Bundesliga-Hamburg"]
[Site "Hamburg/Germany"]
[Date "2009.12.12"]
[Round "5"]
[White "Knaak"]
[Black "Richter"]
[Result "1-0"]
[ECO "E90"]
[WhiteElo "2484"]
[BlackElo "2412"]
[Annotator "Robot 4"]
[PlyCount "97"]
[EventDate "2009.??.??"]
[WhiteTeam "WBR"]
[BlackTeam "EMS"]
[TimeControl "40/6000+30:20/3000+30:900+30"]

1. d4 Nf6 2. c4 g6 3. Nc3 Bg7 4. e4 d6 5. Nf3 O-O 6. h3 Na6 7. Bg5 e5 8. d5 c6
9. Be2 Qb6 10. Rb1 Nc5 11. Nd2 a5 12. Be3 Qc7 13. a3 cxd5 14. cxd5 Bd7 15. a4
Rfc8 16. O-O Qd8 17. Ra1 Be8 18. Qb1 Nfd7 19. Rc1 Nb6 20. b3 Bf6 21. Nf3 Na6
22. Bb5 Nd7 23. Bxd7 Bxd7 24. Nb5 Be7 25. Rxc8 Rxc8 26. Qe1 Nc5 27. Na7 Rc7 28.
Rb1 Qa8 29. Nb5 Rc8 30. Nd2 Qa6 31. Qf1 Qb6 32. Rc1 f5 33. f3 Bxb5 34. axb5 Bg5
35. Qe2 Bxe3+ 36. Qxe3 f4 37. Qf2 Qxb5 38. Qh4 Qd7 39. Nc4 Na6 40. Ra1 Qd8 41.
Qxd8+ Rxd8 42. Nxa5 Nc5 43. b4 Nd3 44. Rb1 Rd7 45. Nc4 b5 46. Na3 Ra7 47. Nxb5
Ra6 48. Kf1 Rb6 49. Ke2 1-0

[Event "Bundesliga-Erfurt"]
[Site "Erfurt/Germany"]
[Date "2009.12.12"]
[Round "5.1"]
[White "Goloshchapov"]
[Black "Bromberger"]
[Result "1-0"]
[ECO "E05"]
[WhiteElo "2580"]
[BlackElo "2510"]
[Annotator "Robot 4"]
[PlyCount "43"]
[EventDate "2009.??.??"]
[WhiteTeam "REM"]
[BlackTeam "BAY"]
[TimeControl "40/6000+30:20/3000+30:900+30"]

1. d4 Nf6 2. c4 e6 3. Nf3 d5 4. g3 Be7 5. Bg2 O-O 6. O-O dxc4 7. Qc2 a6 8. Qxc4
b5 9. Qc2 Bb7 10. Bg5 Be4 11. Qc1 Bb7 12. Nbd2 Nbd7 13. Nb3 a5 14. Rd1 Bd5 15.
Ne5 Bxg2 16. Kxg2 Nxe5 17. dxe5 Nd5 18. h4 Qb8 19. e4 Bxg5 20. hxg5 Nb6 21. Qf4
Rd8 22. Rh1 1-0

[Event "Bundesliga-Erfurt"]
[Site "Erfurt/Germany"]
[Date "2009.12.12"]
[Round "5.4"]
[White "Renner"]
[Black "Degraeve"]
[Result "1/2-1/2"]
[ECO "E60"]
[WhiteElo "2431"]
[BlackElo "2559"]
[Annotator "Robot 4"]
[PlyCount "137"]
[EventDate "2009.??.??"]
[WhiteTeam "BAY"]
[BlackTeam "REM"]
[TimeControl "40/6000+30:20/3000+30:900+30"]

1. c4 Nf6 2. Nf3 g6 3. b4 Bg7 4. Bb2 O-O 5. e3 d6 6. d4 Nbd7 7. Be2 e5 8. O-O
e4 9. Nfd2 Re8 10. Nc3 Nf8 11. a4 h5 12. a5 N8h7 13. a6 b6 14. b5 Bf5 15. Na2
Ng4 16. h3 Ngf6 17. Re1 Qd7 18. Bf1 h4 19. Nb4 g5 20. f3 exf3 21. Nxf3 Ne4 22.
Bd3 Nhf6 23. Qc2 Bh7 24. Nd5 Nxd5 25. cxd5 g4 26. Nd2 Ng5 27. Bxh7+ Nxh7 28.
hxg4 Qxg4 29. Qd1 Qxd1 30. Raxd1 Bh6 31. e4 Nf6 32. Nf3 Rxe4 33. Rxe4 Nxe4 34.
Nxh4 Be3+ 35. Kh2 Bf4+ 36. Kg1 Nf6 37. Kf2 Nxd5 38. Kf3 Re8 39. Nf5 Bg5 40. Rh1
Re6 41. Rh5 f6 42. Rh1 Ne7 43. Nxe7+ Rxe7 44. Bc1 Bxc1 45. Rxc1 Kf7 46. Kf4 Kg6
47. Rc3 f5 48. Rg3+ Kf6 49. Rg8 Re4+ 50. Kf3 Rxd4 51. Ra8 Rb4 52. Rxa7 Rxb5 53.
Rxc7 Ra5 54. Rc6 Rxa6 55. Rxd6+ Ke5 56. Rd3 b5 57. Rb3 Rb6 58. Rb4 Rb8 59. Ke3
Kd5 60. Kd3 Ke5 61. Ke3 Kd5 62. Kd3 Kc5 63. Rf4 Rd8+ 64. Kc2 Rd5 65. g4 fxg4
66. Rxg4 Rh5 67. Kb2 Rh3 68. Rf4 b4 69. Rf8 1/2-1/2

[Event "Bundesliga-Erfurt"]
[Site "Erfurt/Germany"]
[Date "2009.12.12"]
[Round "5.2"]
[White "Marcelin"]
[Black "Parligras"]
[Result "1/2-1/2"]
[ECO "A13"]
[WhiteElo "2498"]
[BlackElo "2557"]
[Annotator "Robot 4"]
[PlyCount "65"]
[EventDate "2009.??.??"]
[WhiteTeam "BAY"]
[BlackTeam "REM"]
[TimeControl "40/6000+30:20/3000+30:900+30"]

1. Nf3 c5 2. b3 d5 3. e3 Nf6 4. Bb2 e6 5. c4 Nc6 6. cxd5 exd5 7. Bb5 Be7 8. Ne5
Bd7 9. Bxc6 Bxc6 10. Nxc6 bxc6 11. O-O O-O 12. Qc2 Rb8 13. Nc3 c4 14. Na4 Qa5
15. Be5 Rbc8 16. Bc3 Qb5 17. bxc4 Qxc4 18. d3 Qh4 19. Bxf6 Qxf6 20. d4 Bd6 21.
Rab1 Qe7 22. Rb3 f5 23. g3 g5 24. Rfb1 f4 25. exf4 gxf4 26. Rb7 Rc7 27. Rxc7
Qxc7 28. Nc5 Bxc5 29. Qxc5 Qd7 30. Re1 f3 31. Qc1 Qh3 32. Qg5+ Kh8 33. Qe5+
1/2-1/2

[Event "Bundesliga-Erfurt"]
[Site "Erfurt/Germany"]
[Date "2009.12.12"]
[Round "5.7"]
[White "Teske"]
[Black "Lentrodt"]
[Result "1-0"]
[ECO "E01"]
[WhiteElo "2536"]
[BlackElo "2304"]
[Annotator "Robot 4"]
[PlyCount "125"]
[EventDate "2009.??.??"]
[WhiteTeam "REM"]
[BlackTeam "BAY"]
[TimeControl "40/6000+30:20/3000+30:900+30"]

1. d4 Nf6 2. c4 e6 3. g3 d5 4. Nf3 Bb4+ 5. Nbd2 c6 6. a3 Be7 7. Bg2 Nbd7 8. O-O
O-O 9. b4 a5 10. Rb1 axb4 11. axb4 Qc7 12. Qb3 e5 13. cxd5 cxd5 14. dxe5 Nxe5
15. Nxe5 Qxe5 16. Nf3 Qh5 17. Bb2 Bf5 18. Rbc1 Rfd8 19. Rc7 Rd7 20. Rfc1 Be6
21. Nd4 Bd6 22. Rc8+ Rd8 23. Rxa8 Rxa8 24. Nxe6 fxe6 25. Qe3 Qf7 26. Bh3 Re8
27. Rc8 e5 28. Qb6 Qe7 29. b5 Rxc8 30. Bxc8 Bc5 31. Qe6+ Qxe6 32. Bxe6+ Kf8 33.
Bxe5 d4 34. Kf1 Ke7 35. Bc8 b6 36. Ke1 g6 37. f3 Nd5 38. Bb7 Ke6 39. Bg7 Ne3
40. Kd2 Nf5 41. Bh8 Nd6 42. Bc6 Nf7 43. Bg7 Ne5 44. Be8 Bb4+ 45. Kc2 d3+ 46.
exd3 Nxf3 47. h3 Bd6 48. g4 Be5 49. Bf8 Bd6 50. Bh6 Be5 51. Kb3 g5 52. Bc6 Ng1
53. Bg2 Bf6 54. Kc4 Ne2 55. Be4 Ng1 56. h4 gxh4 57. Be3 Ne2 58. Bxb6 h3 59.
Bd5+ Kd7 60. Bc6+ Kc8 61. Ba7 Be5 62. b6 Bb8 63. Kc5 1-0

[Event "Bundesliga-Erfurt"]
[Site "Erfurt/Germany"]
[Date "2009.12.12"]
[Round "5.5"]
[White "Dgebuadze"]
[Black "Belezky"]
[Result "1/2-1/2"]
[ECO "B36"]
[WhiteElo "2516"]
[BlackElo "2446"]
[Annotator "Robot 4"]
[PlyCount "56"]
[EventDate "2009.??.??"]
[WhiteTeam "REM"]
[BlackTeam "BAY"]
[TimeControl "40/6000+30:20/3000+30:900+30"]

1. e4 c5 2. Nf3 Nc6 3. d4 cxd4 4. Nxd4 g6 5. c4 Nf6 6. Nc3 d6 7. Be2 Nxd4 8.
Qxd4 Bg7 9. Bg5 O-O 10. Qd2 Be6 11. Rc1 Qa5 12. O-O Rfc8 13. b3 a6 14. f4 b5
15. f5 b4 16. fxe6 bxc3 17. exf7+ Kf8 18. Qe3 Qc5 19. e5 Ne4 20. Kh1 Nxg5 21.
Qxg5 Qxe5 22. Qh4 h5 23. Bd3 Bf6 24. Qh3 Kxf7 25. Rce1 Qg5 26. Be4 Rab8 27.
Qxc3 Kg7 28. Qd3 Be5 1/2-1/2

[Event "Bundesliga-Erfurt"]
[Site "Erfurt/Germany"]
[Date "2009.12.12"]
[Round "5.6"]
[White "Meissner"]
[Black "Swinkels"]
[Result "0-1"]
[ECO "E12"]
[WhiteElo "2410"]
[BlackElo "2516"]
[Annotator "Robot 4"]
[PlyCount "86"]
[EventDate "2009.??.??"]
[WhiteTeam "BAY"]
[BlackTeam "REM"]
[TimeControl "40/6000+30:20/3000+30:900+30"]

1. d4 Nf6 2. c4 e6 3. Nf3 b6 4. a3 Ba6 5. Qc2 Bb7 6. Nc3 c5 7. dxc5 bxc5 8. Bg5
Be7 9. e3 Nc6 10. Be2 a6 11. O-O O-O 12. Rfd1 Qc7 13. h3 Rfd8 14. Rab1 Qa5 15.
Nd5 exd5 16. cxd5 h6 17. d6 hxg5 18. Nxg5 c4 19. f4 Qc5 20. Bxc4 Qxe3+ 21. Kh1
Nd4 22. Rxd4 Qxd4 23. dxe7 Rdc8 24. Bxf7+ Kh8 25. e8=Q+ Rxe8 26. Bxe8 Rxe8 27.
Rd1 Qxf4 28. Nf7+ Kg8 29. Nd6 Ne4 30. Nxe8 Nf2+ 31. Kg1 Nxd1 32. Qxd1 Qe4 33.
Kf2 Qxe8 34. Qa4 Qe6 35. Qa5 Qf6+ 36. Kg1 Qd4+ 37. Kh1 Qd1+ 38. Kh2 Qd6+ 39.
Kg1 Qd4+ 40. Kh1 Qe4 41. Qd8+ Kh7 42. Qg5 d5 43. Qh5+ Kg8 0-1

[Event "Bundesliga-Erfurt"]
[Site "Erfurt/Germany"]
[Date "2009.12.12"]
[Round "5.8"]
[White "Jorczik"]
[Black "Popovic"]
[Result "0-1"]
[ECO "D80"]
[WhiteElo "2352"]
[BlackElo "2496"]
[Annotator "Robot 4"]
[PlyCount "224"]
[EventDate "2009.??.??"]
[WhiteTeam "BAY"]
[BlackTeam "REM"]
[TimeControl "40/6000+30:20/3000+30:900+30"]

1. d4 Nf6 2. c4 g6 3. Nc3 d5 4. Bg5 Ne4 5. Bh4 Nxc3 6. bxc3 dxc4 7. e3 Be6 8.
Rb1 b6 9. Nf3 Bg7 10. Ng5 Bd5 11. e4 h6 12. exd5 hxg5 13. Bg3 Qxd5 14. Be2 Qa5
15. O-O Nd7 16. Bxc4 O-O 17. Qf3 Nf6 18. Rfe1 Qf5 19. Qc6 e6 20. Rb5 Qc2 21.
Bb3 Qd2 22. Rd1 Qe2 23. Re5 Qh5 24. Rde1 Qh6 25. h3 Nh5 26. R5e3 Nxg3 27. Rxg3
Rac8 28. Bc4 g4 29. hxg4 Qf4 30. g5 Rfe8 31. Ree3 Rcd8 32. Ref3 Qd6 33. Qe4 c5
34. dxc5 Qxc5 35. Rd3 Rxd3 36. Qxd3 Qc7 37. Qe4 Rd8 38. Bb3 Qe5 39. Qxe5 Bxe5
40. Rf3 Rd2 41. g3 Bd6 42. Bc4 Bc5 43. Kf1 Rb2 44. a4 Kg7 45. Bb5 Kf8 46. Bc4
Ke7 47. Ke1 Rb1+ 48. Ke2 Rh1 49. Rf4 Rh5 50. Rg4 Rh2 51. Rf4 Bd6 52. Rg4 Be5
53. Bb5 Bd6 54. Ke1 Bc5 55. Rf4 Rh1+ 56. Bf1 Rh5 57. Rg4 a5 58. Bb5 Rh2 59. Rf4
Rh1+ 60. Bf1 Rh5 61. Rg4 Ba3 62. Kd2 Rh2 63. Rf4 Bd6 64. Rf3 Rh5 65. Be2 Rxg5
66. Rd3 Rc5 67. g4 Be5 68. Kc2 Rc8 69. Kb3 Bd6 70. f3 g5 71. Rd4 Bc5 72. Re4
Rd8 73. f4 gxf4 74. Rxf4 Rd2 75. Bc4 Rg2 76. Re4 Rg3 77. Kc2 Kf6 78. Rf4+ Ke7
79. Re4 Bd6 80. Bb5 Kf6 81. Be8 Rf3 82. c4 Ke7 83. Bc6 Rg3 84. Kd2 Bc5 85. Ke2
Rh3 86. Bb5 Rb3 87. Bc6 Rb2+ 88. Kf3 Rd2 89. Bb5 Bd4 90. Re2 Rd1 91. Re4 Bf6
92. Ke2 Rc1 93. Kd2 Bg5+ 94. Ke2 Rc2+ 95. Kf3 Rd2 96. Bc6 Rd6 97. Bb5 f6 98.
Ba6 Rd3+ 99. Kf2 Ra3 100. Bb5 e5 101. Ke2 Bf4 102. Kf1 Rf3+ 103. Ke1 Rg3 104.
Re2 Rxg4 105. Rb2 Rg1+ 106. Kf2 Rd1 107. Bc6 Rd2+ 108. Rxd2 Bxd2 109. Ke2 Bf4
110. Be4 Ke6 111. Bd5+ Kf5 112. Kf3 Kg5 0-1

[Event "Bundesliga-Heidelberg"]
[Site "Heidelberg/Germany"]
[Date "2009.12.12"]
[Round "5.2"]
[White "Svetushkin"]
[Black "Berkes"]
[Result "0-1"]
[ECO "B19"]
[WhiteElo "2570"]
[BlackElo "2663"]
[Annotator "Robot 4"]
[PlyCount "84"]
[EventDate "2009.??.??"]
[WhiteTeam "HDS"]
[BlackTeam "EPP"]
[TimeControl "40/6000+30:20/3000+30:900+30"]

1. e4 c6 2. d4 d5 3. Nc3 dxe4 4. Nxe4 Bf5 5. Ng3 Bg6 6. h4 h6 7. Nf3 Nd7 8. h5
Bh7 9. Bd3 Bxd3 10. Qxd3 e6 11. Bf4 Qa5+ 12. Bd2 Bb4 13. c3 Be7 14. c4 Qc7 15.
O-O-O Ngf6 16. Rhe1 a5 17. Kb1 O-O 18. Ne5 Nxe5 19. dxe5 Rfd8 20. Qe2 Nd7 21.
f4 Nc5 22. Be3 a4 23. Bd4 a3 24. b3 Qa5 25. Bxc5 Bxc5 26. Ne4 Bb4 27. Rxd8+
Rxd8 28. Rd1 Rxd1+ 29. Qxd1 Qb6 30. Qe2 Qd4 31. Kc2 Ba5 32. g3 Bb4 33. Kb1 Kf8
34. Kc2 f5 35. exf6 gxf6 36. Qd3 Qb2+ 37. Kd1 Qa1+ 38. Ke2 Qxa2+ 39. Kf3 Be7
40. Nf2 f5 41. g4 Qb2 42. Nd1 fxg4+ 0-1

[Event "Bundesliga-Heidelberg"]
[Site "Heidelberg/Germany"]
[Date "2009.12.12"]
[Round "5.1"]
[White "Postny"]
[Black "Ikonnikov"]
[Result "1/2-1/2"]
[ECO "B32"]
[WhiteElo "2651"]
[BlackElo "2558"]
[Annotator "Robot 4"]
[PlyCount "81"]
[EventDate "2009.??.??"]
[WhiteTeam "EPP"]
[BlackTeam "HDS"]
[TimeControl "40/6000+30:20/3000+30:900+30"]

1. e4 c5 2. Nf3 Nc6 3. d4 cxd4 4. Nxd4 e5 5. Nb5 d6 6. N1c3 a6 7. Na3 Be7 8.
Nd5 Nf6 9. Nxf6+ Bxf6 10. Nc4 Be7 11. Be3 Be6 12. Nb6 Rb8 13. Qd2 O-O 14. Bd3
Bg5 15. Bxg5 Qxb6 16. c3 Qc7 17. O-O Ne7 18. c4 f6 19. Be3 f5 20. exf5 Nxf5 21.
Rfd1 Nxe3 22. Qxe3 Rf4 23. b3 Rbf8 24. Rd2 Bd7 25. Be4 Bc6 26. Bxc6 bxc6 27.
Rad1 R8f6 28. g3 Rf3 29. Qe2 Qa7 30. Rxd6 Rxf2 31. Rd8+ Rf8 32. Rxf8+ Rxf8+ 33.
Kg2 Qc5 34. Re1 Re8 35. Qe4 Qd6 36. Re2 g6 37. h4 Kg7 38. Qf3 Qe6 39. Qe3 e4
40. Qd4+ Kg8 41. Qe3 1/2-1/2

[Event "Bundesliga-Heidelberg"]
[Site "Heidelberg/Germany"]
[Date "2009.12.12"]
[Round "5.3"]
[White "Balogh"]
[Black "Ginsburg"]
[Result "1/2-1/2"]
[ECO "C91"]
[WhiteElo "2620"]
[BlackElo "2537"]
[Annotator "Robot 4"]
[PlyCount "72"]
[EventDate "2009.??.??"]
[WhiteTeam "EPP"]
[BlackTeam "HDS"]
[TimeControl "40/6000+30:20/3000+30:900+30"]

1. e4 e5 2. Nf3 Nc6 3. Bb5 a6 4. Ba4 Nf6 5. O-O Be7 6. Re1 b5 7. Bb3 d6 8. c3
O-O 9. d4 Bg4 10. d5 Na5 11. Bc2 c6 12. h3 Bc8 13. dxc6 Qc7 14. Nbd2 Qxc6 15.
Nf1 Nc4 16. Ng3 Be6 17. a4 Rac8 18. Qe2 Rfe8 19. Ng5 Bd7 20. axb5 axb5 21. b3
Nb6 22. Bd2 d5 23. Bd3 h6 24. Nf3 Bd8 25. Ra7 Bc7 26. Rea1 Ra8 27. exd5 Qxd5
28. c4 bxc4 29. bxc4 Rxa7 30. Rxa7 Qc6 31. Ne4 Bb8 32. Ra6 Nxe4 33. Bxe4 Qxc4
34. Bd3 Qc7 35. Qe4 f5 36. Qb4 e4 1/2-1/2

[Event "Bundesliga-Heidelberg"]
[Site "Heidelberg/Germany"]
[Date "2009.12.12"]
[Round "5.7"]
[White "Medvegy"]
[Black "Vatter"]
[Result "1-0"]
[ECO "E04"]
[WhiteElo "2556"]
[BlackElo "2321"]
[Annotator "Robot 4"]
[PlyCount "105"]
[EventDate "2009.??.??"]
[WhiteTeam "EPP"]
[BlackTeam "HDS"]
[TimeControl "40/6000+30:20/3000+30:900+30"]

1. d4 d5 2. c4 e6 3. Nf3 Nf6 4. g3 dxc4 5. Bg2 Nc6 6. Qa4 Bb4+ 7. Bd2 Nd5 8.
Qb5 Bxd2+ 9. Nbxd2 c3 10. bxc3 Nxc3 11. Qc4 Nd5 12. O-O O-O 13. Rfc1 a5 14. Ne4
a4 15. Rab1 h6 16. e3 Re8 17. Nc5 Nb6 18. Qc2 Ra7 19. Nd3 Qe7 20. Nfe1 Rd8 21.
Bxc6 bxc6 22. Ne5 Bd7 23. N1d3 f6 24. Nxd7 Nxd7 25. Qxc6 Qd6 26. Rb5 Qxc6 27.
Rxc6 Kf7 28. Kf1 Rb8 29. Rxb8 Nxb8 30. Rc4 Nd7 31. Ke2 Ke7 32. Nb4 Nb8 33. Kd3
Kd7 34. h4 Ra5 35. Rc5 Ra7 36. Kc4 c6 37. h5 Kc7 38. e4 Kb6 39. d5 exd5+ 40.
exd5 Re7 41. Nxc6 Re4+ 42. Nd4 Nd7 43. Rc6+ Kb7 44. Re6 Nb6+ 45. Kd3 Re5 46.
Rxe5 fxe5 47. Ne6 Nxd5 48. Kc4 Nf6 49. Nxg7 Ne4 50. Nf5 Nxf2 51. Nxh6 e4 52.
Nf5 Ng4 53. Nd6+ 1-0

[Event "Bundesliga-Heidelberg"]
[Site "Heidelberg/Germany"]
[Date "2009.12.12"]
[Round "5.4"]
[White "Gurevic"]
[Black "Acs"]
[Result "1/2-1/2"]
[ECO "B88"]
[WhiteElo "2470"]
[BlackElo "2550"]
[Annotator "Robot 4"]
[PlyCount "70"]
[EventDate "2009.??.??"]
[WhiteTeam "HDS"]
[BlackTeam "EPP"]
[TimeControl "40/6000+30:20/3000+30:900+30"]

1. e4 c5 2. Nf3 d6 3. d4 cxd4 4. Nxd4 Nf6 5. Nc3 Nc6 6. Bc4 e6 7. O-O a6 8. a4
Be7 9. Be3 O-O 10. Kh1 Nb4 11. Bb3 e5 12. Nf5 Bxf5 13. exf5 Qd7 14. Qf3 d5 15.
Bg5 Rfd8 16. Bxf6 Bxf6 17. Qg4 a5 18. Rad1 Qc6 19. f3 Rd7 20. Rd2 Rad8 21. Rfd1
h6 22. h4 Kf8 23. Qh5 b6 24. Re2 Na6 25. Red2 d4 26. Ne4 Nc5 27. Re1 Nxb3 28.
cxb3 Be7 29. Rd3 Bb4 30. Red1 f6 31. g4 Rc7 32. g5 Qe8 33. Qxe8+ Rxe8 34. gxf6
gxf6 35. Nxf6 Rec8 1/2-1/2

[Event "Bundesliga-Heidelberg"]
[Site "Heidelberg/Germany"]
[Date "2009.12.12"]
[Round "5.8"]
[White "Roos"]
[Black "Guliyev"]
[Result "0-1"]
[ECO "D48"]
[WhiteElo "2260"]
[BlackElo "2525"]
[Annotator "Robot 4"]
[PlyCount "62"]
[EventDate "2009.??.??"]
[WhiteTeam "HDS"]
[BlackTeam "EPP"]
[TimeControl "40/6000+30:20/3000+30:900+30"]

1. d4 d5 2. c4 dxc4 3. Nf3 Nf6 4. e3 e6 5. Bxc4 a6 6. Bb3 c5 7. O-O Nbd7 8. Nc3
b5 9. e4 Bb7 10. d5 c4 11. Bc2 Qc7 12. dxe6 fxe6 13. Ng5 Nc5 14. Be3 h6 15. e5
hxg5 16. Bg6+ Ke7 17. Bxc5+ Qxc5 18. exf6+ gxf6 19. Be4 Bxe4 20. Nxe4 Qe5 21.
Ng3 Rd8 22. Qc2 Rd3 23. a4 Kf7 24. axb5 axb5 25. Rfe1 Qd5 26. Ne4 Bb4 27. Nc3
Qf5 28. Ra7+ Kg6 29. Ra6 e5 30. h3 Rhd8 31. g4 Rg3+ 0-1